 Dungeon Crawl Stone Soup version 0.32-a0-712-g515539a (webtiles) character file.

Game seed: 7566002675400314409

36682 PidgeyThePirate the Marksgoblin (level 13, -3/163 HPs)
             Began as a Coglin Hunter on Mar 15, 2024.
             Was a High Priest of Okawaru.
             Slain by Urug
             ... wielding a +4 great sword
              (20 damage)
             ... on level 4 of the Lair of Beasts.
             The game lasted 00:50:31 (19706 turns).

PidgeyThePirate the Marksgoblin (Coglin Hunter)    Turns: 19706, Time: 00:50:32

Health: -3/163     AC: 26    Str: 14    XL:     13   Next: 91%
Magic:  13/13      EV:  2    Int:  9    God:    Okawaru [*****.]
Gold:   1021       SH:  0    Dex: 20    Spells: 12/12 levels left

rFire   . . .        a - +3 sling (freeze) {Annika}
rCold   . . .        d - +0 sling {Somchai}
rNeg    . . .        h - melded +0 acid dragon scales
rPois   +            o - melded +2 hat {SInv}
rElec   .            s - melded +2 cloak {rCorr}
rCorr   .            l - melded +2 pair of gloves
SInv    .            (boots currently unavailable)
Will    .....        (no amulet)
Stlth   ++           (no ring)
HPRegen 0.47/turn    (no ring)
MPRegen 0.13/turn    (no gizmo)

%: no passive effects
@: mighty, tree-form, revving
A: stationary, stasis, torment immunity, boosted hp, off-hand wielding, slow
wielding, warmup strikes, (no jewellery), (cold resistance 1), MP-powered wands,
persistent drain
a: Invent Gizmo, Renounce Religion, Heroism, Finesse, Duel


You were on level 4 of the Lair of Beasts.
You worshipped Okawaru.
Okawaru was extremely pleased with you.
You were a tree.
You visited 4 branches of the dungeon, and saw 15 of its levels.
You also visited: Sewer and Ossuary.

You collected 1021 gold pieces.

Inventory:

Hand Weapons
 a - a +3 sling of freezing (weapon) {Annika}
 d - a +0 sling (offhand) {Somchai}
Missiles
 H - 3 throwing nets
Armour
 c - the +1 ring mail of Fogok {rF+ rC- Str+4 Int+2}
   (You found it on level 4 of the Dungeon)

   Str+4:     It affects your strength (+4).
   Int+2:     It affects your intelligence (+2).
   rF+:       It protects you from fire.
   rC-:       It makes you vulnerable to cold.
 h - +0 acid dragon scales (melded)
 k - a +2 helmet
 l - a +2 pair of gloves (melded)
 o - a +2 hat of see invisible (melded)
 s - a +2 cloak of preservation (melded)
 J - a +0 cloak
 K - a +0 troll leather armour
Wands
 g - a wand of flame (13)
 m - a wand of roots (19)
 r - a wand of digging (6)
 D - a wand of polymorph (13)
 F - a wand of quicksilver (7)
Scrolls
 f - 4 scrolls of immolation
 j - 3 scrolls of poison
 q - 3 scrolls of fog
 v - 4 scrolls of revelation
 x - 2 scrolls of vulnerability
 y - 3 scrolls of silence
 B - 2 scrolls of noise
 C - 2 scrolls of amnesia
 G - 4 scrolls of enchant weapon
 M - a scroll of enchant armour
 O - a scroll of identify
Potions
 b - 2 potions of lignification
 e - 6 potions of enlightenment
 n - 3 potions of might
 p - 2 potions of magic {unknown}
 u - 2 potions of mutation
 w - a potion of attraction
 z - 8 potions of ambrosia
 A - a potion of berserk rage {unknown}
 E - 3 potions of heal wounds {unknown}
 I - a potion of resistance {unknown}
 N - a potion of brilliance {unknown}
Miscellaneous
 i - a lightning rod (4/4)
 L - a phial of floods


   Skills:
 + Level 12.9 Fighting
 + Level 16.5 Ranged Weapons
 + Level 5.5 Armour
 + Level 5.8 Dodging
 + Level 1.7 Stealth
 + Level 1.0 Invocations


You had 12 spell levels left.
You didn't know any spells.
Your spell library contained the following spells:

 Spells                   Type           Power      Damage    Failure   Level
 Kiss of Death            Conj/Necr      0%         2d5       38%         1
 Scorch                   Fire           0%         2d5       52%         2
 Confusing Touch          Hex            0%         N/A       77%         3
 Fugue of the Fallen      Necr           0%         N/A       77%         3
 Ozocubu's Armour         Ice            0%         N/A       77%         3
 Passwall                 Erth           0%         N/A       77%         3
 Sigil of Binding         Hex            0%         N/A       77%         3
 Volatile Blastmotes      Fire/Tloc      0%         2d10      77%         3
 Anguish                  Hex/Necr       0%         N/A       99%         4
 Cause Fear               Hex            0%         N/A       99%         4
 Dimensional Bullseye     Hex/Tloc       0%         N/A       99%         4
 Dispel Undead            Necr           0%         3d6       99%         4
 Flame Wave               Conj/Fire      0%         2d4       99%         4
 Manifold Assault         Tloc           0%         N/A       99%         4
 Borgnjor's Vile Clutch   Necr/Erth      0%         N/A       100%        5
 Bombard                  Conj/Erth      0%         9d1       100%        6
 Enfeeble                 Hex            0%         N/A       100%        7
 Call Canine Familiar     Summ           Unusable   N/A       N/A         3
 Animate Dead             Necr           Unusable   N/A       N/A         4
 Death Channel            Necr           Unusable   N/A       N/A         6
 Summon Cactus Giant      Summ           Unusable   N/A       N/A         6

Dungeon Overview and Level Annotations

Branches:
Dungeon (9/15)             Temple (1/1) D:6            Lair (4/5) D:9
  Swamp (0/4) Lair:2        Snake (0/4) Lair:2        Slime (0/5) Lair:4
    Orc (1/2) D:9           Sewer (visited)         Ossuary (visited)

Altars:
Ashenzari
Cheibriados
Dithmenos
Elyvilon
Fedhas
Gozag
Hepliaklqana
Kikubaaqudgha
Makhleb
Nemelex Xobeh
Okawaru
Qazlal
Ru
Sif Muna
Trog
Uskayaw
Vehumet
Wu Jian
Xom
Yredelemnul
Zin
The Shining One

Annotations:
Lair:4 Urug
Orc:1 Fannar


Innate Abilities, Weirdness & Mutations

You are a tree.
Your roots penetrate the ground, keeping you stationary.
You cannot be teleported.
You are immune to unholy pain and torment.
Your maximum health is greatly increased.
Your equipment is partially melded.
You can wield a second weapon in your off-hand.
It takes a long time for you to wield or remove held weapons.
Your first few attacks do less damage.
((You cannot equip rings or amulets.))
((Your flesh is cold resistant. (rC+)))
You expend magic power (3 MP) to strengthen your wands.
Your health recovers twice as slowly from being drained.


Message History

Aim: Urug, wielding a +4 great sword, wearing a +0 chain mail and quivering javelins (almost dead, 72% to hit)
You shoot a sling bullet.
The sling bullet hits Urug but does no damage.
Urug is almost dead.
You shoot a sling bullet. The sling bullet barely misses Urug.
Urug closely misses you.
Fire: a) +3 sling (freeze) {Annika}
Press: ? - help, Q - select action, (/) - cycle Shift-Dir - straight line, f/p - Urug
Aim: Urug, wielding a +4 great sword, wearing a +0 chain mail and quivering javelins (almost dead, 72% to hit)
You shoot a sling bullet. The sling bullet closely misses Urug.
You shoot a sling bullet.
The sling bullet hits Urug but does no damage.
Urug is almost dead.
You are confused.
You feel invigorated. Urug hits you with a +4 great sword.
* * * LOW HITPOINT WARNING * * *
Okay, then.
Urug attacks as she pursues you! Urug hits you with a +4 great sword!
* * * LOW HITPOINT WARNING * * *
You see here a water moccasin corpse.
Urug attacks as she pursues you! Urug hits you with a +4 great sword!
* * * LOW HITPOINT WARNING * * *
You're too confused to move!
Urug hits you with a +4 great sword!
* * * LOW HITPOINT WARNING * * *
You feel less invigorated.
You feel less confused. Urug completely misses you.
Okay, then.
Okay, then.
It was a potion of lignification.
You turn into a tree.
Your +2 cloak of preservation melds into your body.
Your +2 hat of see invisible melds into your body.
Your +2 pair of gloves melds into your body.
Your +0 acid dragon scales melds into your body.
You feel less perceptive.
Your roots penetrate the ground.
Urug squints and screams, "A harpy?
Time to die, you blasted buzzard!" Urug hits you with a +4 great sword!!
You die...
Urug says, "One more harpy dead."

.......#........
#....#.....#....#
................#
.#...............
........>...#...#
................#
................###
.....#.....#...o..### #### ####
........#.......♣##.####P.###P.#
............................^..#
...............................#
...............................#
......>..........).............#
...................<...........#
........................#......#
........................#......#
...............................#


You could see Urug.

Vanquished Creatures
  Gastronok (Lair:1)
  An ice dragon (Lair:1)
  3 hydras
  2 boulder beetles (Lair:2)
  A two-headed ogre (D:9)
  A skyshark (Lair:4)
  Pikel (D:7)
  A manticore (Lair:2)
  A salamander (Lair:2)
  Maurice (D:8)
  7 elephants
  4 black mambas
  Jeremiah (D:7)
  11 cane toads
  10 komodo dragons
  4 rime drakes
  A troll (D:8)
  2 queen bees
  6 hornets (Lair:1)
  3 wraiths (D:9)
  5 wyverns
  Grum (Lair:1)
  18 yaks
  4 basilisks
  5 vampire mosquitoes (Lair:2)
  Menkaure (Ossuary)
  An acid dragon (D:9)
  17 water moccasins
  4 sky beasts
  A swamp drake (D:9)
  3 orc warriors (D:9)
  7 black bears
  2 ogres
  2 elephant zombies (D:6)
  12 wolves
  A centaur (D:9)
  A phantom (D:5)
  3 lemures (D:7)
  A kobold brigand (D:8)
  An elf zombie (D:6)
  2 brain worms (Sewer)
  14 bullfrogs
  A gnoll sergeant (D:9)
  12 wights (D:8)
  A troll zombie (Ossuary)
  55 killer bees
  4 howler monkeys (D:8)
  2 electric eels (Lair:1)
  3 lava snakes (Lair:2)
  4 centaur zombies
  2 bombardier beetles
  3 hounds
  Crazy Yiuf (D:7)
  2 gnoll boudas
  9 orc priests
  3 iguanas
  7 jellies
  A centaur skeleton (D:3)
  14 orc wizards
  3 scorpion zombies (D:6)
  8 hell rats
  2 ogre zombies (Ossuary)
  4 hound zombies
  A hound skeleton (D:3)
  6 mummies (Ossuary)
  3 howler monkey zombies (D:6)
  11 adders
  10 gnolls
  12 river rats
  A shadow imp (D:6)
  4 ufetubi
  3 adder zombies (Ossuary)
  3 adder skeletons (D:3)
  6 dart slugs
  43 orcs
  7 bats
  10 endoplasms
  5 giant cockroaches
  7 goblins
  8 hobgoblins
  6 jackals
  11 kobolds
  2 quokkas (D:4)
  7 ball pythons
  A ball python zombie (D:3)
  14 frilled lizards
  A giant cockroach zombie (D:3)
  5 goblin zombies (Ossuary)
  4 hobgoblin zombies (Ossuary)
  7 kobold zombies (Ossuary)
  An orc zombie (Ossuary)
  A quokka skeleton (D:3)
  5 quokka zombies
  12 rats
  A rat zombie (Ossuary)
527 creatures vanquished.

Vanquished Creatures (others)
  A killer bee zombie (D:6)
1 creature vanquished.

Grand Total: 528 creatures vanquished

Notes
Turn   | Place    | Note
-------+----------+-------------------------------------------
     0 | D:1      | PidgeyThePirate the Coglin Hunter began the quest for the
                  | Orb.
     0 | D:1      | Reached XP level 1. HP: 16/16 MP: 1/1
   135 | D:1      | Reached XP level 2. HP: 22/22 MP: 2/2
   186 | D:1      | Reached skill level 4 in Ranged Weapons
   288 | D:1      | Reached XP level 3. HP: 27/27 MP: 3/3
  1490 | D:3      | Reached XP level 4. HP: 30/33 MP: 4/4
  1507 | D:3      | Reached skill level 5 in Ranged Weapons
  1507 | D:3      | Reached skill level 1 in Armour
  1521 | D:3      | Found a glowing drain.
  1530 | D:3      | Reached XP level 5. HP: 19/39 MP: 5/5
  1536 | Sewer    | Entered a sewer
  1778 | Sewer    | Reached XP level 6. HP: 39/46 MP: 4/6
  1873 | Sewer    | Reached skill level 6 in Ranged Weapons
  2254 | D:3      | Reached XP level 7. HP: 51/51 MP: 7/7
  2321 | D:3      | Found an ancient bone altar of Kikubaaqudgha.
  2322 | D:3      | Found a radiant altar of Vehumet.
  2337 | D:3      | Found a shimmering blue altar of Sif Muna.
  2338 | D:3      | Found a shadowy altar of Dithmenos.
  2340 | D:3      | Found a broken altar of Ashenzari.
  2408 | D:3      | Reached skill level 7 in Ranged Weapons
  2594 | D:3      | Found a faded altar of an unknown god.
  2799 | D:4      | Identified the +1 ring mail of Fogok {rF+ rC- Str+4 Int+2}
  3136 | D:4      | Reached skill level 1 in Stealth
  3391 | D:4      | Reached XP level 8. HP: 34/58 MP: 8/8
  3618 | D:4      | Reached skill level 8 in Ranged Weapons
  3814 | D:5      | Entered Level 5 of the Dungeon
  4088 | D:5      | HP: 1/60 [poisoned by an orc wizard]
  4255 | D:5      | Found a sand-covered staircase.
  4260 | Ossuary  | Entered an ossuary
  4427 | Ossuary  | Noticed Menkaure
  4435 | Ossuary  | Killed Menkaure
  4436 | Ossuary  | Reached skill level 9 in Ranged Weapons
  4938 | D:5      | Reached XP level 9. HP: 64/66 MP: 9/9
  5104 | D:5      | Reached skill level 5 in Fighting
  5460 | D:5      | Found a hide-covered altar of Uskayaw.
  5460 | D:5      | Found a burning altar of Makhleb.
  5460 | D:5      | Found a glowing silver altar of Zin.
  5539 | D:6      | Found a blossoming altar of Fedhas.
  5612 | D:5      | Reached skill level 10 in Ranged Weapons
  5828 | D:6      | Found a basalt altar of Yredelemnul.
  5969 | D:6      | Found a staircase to the Ecumenical Temple.
  6379 | Temple   | Entered the Ecumenical Temple
  6392 | Temple   | Became a worshipper of Warmaster Okawaru
  6464 | D:7      | Found a bloodstained altar of Trog.
  6554 | D:7      | Noticed Jeremiah
  6627 | D:7      | Killed Jeremiah
  6628 | D:7      | Reached skill level 11 in Ranged Weapons
  6838 | D:7      | Noticed Pikel
  6916 | D:7      | Killed Pikel
  6916 | D:7      | Reached * piety under Okawaru
  6917 | D:7      | Reached XP level 10. HP: 38/77 MP: 10/10
  7659 | D:7      | Found a runed translucent door.
  7660 | D:7      | Noticed Crazy Yiuf
  7679 | D:7      | Killed Crazy Yiuf
  7881 | D:8      | Reached ** piety under Okawaru
  8352 | D:8      | Reached skill level 12 in Ranged Weapons
  8525 | D:8      | Noticed a catoblepas
  8535 | D:8      | Noticed an eight-headed hydra
  8760 | D:8      | Reached *** piety under Okawaru
  9219 | D:8      | Reached XP level 11. HP: 75/85 MP: 11/11
  9321 | D:8      | Noticed a purple ugly thing
  9704 | D:8      | Killed an eight-headed hydra
  9849 | D:8      | Reached skill level 13 in Ranged Weapons
 10025 | D:9      | Noticed Maurice
 10064 | D:9      | Noticed a two-headed ogre
 10070 | D:9      | Maurice stole a phial of floods
 10075 | D:8      | Gained mutation: You are occasionally teleported next to
                  | monsters. [potion of mutation]
 10076 | D:8      | Lost mutation: You are occasionally teleported next to
                  | monsters. [potion of mutation]
 10076 | D:8      | Gained mutation: Your flesh is cold resistant. (rC+)
                  | [potion of mutation]
 10076 | D:8      | Gained mutation: Your health recovers twice as slowly from
                  | being drained. [potion of mutation]
 10076 | D:8      | Gained mutation: You expend magic power (3 MP) to
                  | strengthen your wands. [potion of mutation]
 10076 | D:8      | Maurice stole 305 gold
 10078 | D:8      | Maurice stole a throwing net
 10082 | D:8      | Maurice stole 128 gold
 10114 | D:8      | Killed Maurice
 10114 | D:8      | Reached **** piety under Okawaru
 10287 | D:9      | Killed a two-headed ogre
 11305 | D:9      | Found a staircase to the Lair.
 11884 | D:9      | Reached ***** piety under Okawaru
 11901 | D:9      | Reached skill level 14 in Ranged Weapons
 12181 | D:9      | Identified the +6 spear of the Middle {pain, rF++ Str-3
                  | Int+4}
 12209 | D:9      | Found a staircase to the Orcish Mines.
 12247 | Orc:1    | Entered Level 1 of the Orcish Mines
 12257 | Orc:1    | Noticed an orc sorcerer
 12280 | Orc:1    | Noticed Fannar
 12339 | Lair:1   | Entered Level 1 of the Lair of Beasts
 12350 | Lair:1   | Noticed an ice dragon
 12464 | Lair:1   | Reached XP level 12. HP: 85/95 MP: 12/12
 12672 | Lair:1   | Noticed Gastronok
 12719 | Lair:1   | Received a gift from Okawaru
 12720 | Lair:1   | Reached skill level 5 in Armour
 13030 | Lair:1   | Paralysed by a hornet for 3 turns
 13094 | Lair:1   | Noticed Grum
 13569 | Lair:1   | Killed an ice dragon
 13802 | Lair:1   | Paralysed by a hornet for 2 turns
 13962 | Lair:1   | Reached skill level 10 in Fighting
 14175 | Lair:1   | Killed Grum
 14554 | Lair:1   | Paralysed by a hornet for 1 turns
 14561 | Lair:1   | Paralysed by a hornet for 3 turns
 14568 | Lair:1   | Reached skill level 15 in Ranged Weapons
 14799 | Lair:1   | Killed Gastronok
 15202 | Lair:2   | Noticed a boulder beetle
 16245 | Lair:2   | Identified the +1 robe "Byrua" {Will+ Regen+ Str+3 Stlth+}
 16285 | Lair:2   | Found a staircase to the Snake Pit.
 16295 | Lair:2   | Reached skill level 5 in Dodging
 16576 | Lair:2   | Reached XP level 13. HP: 86/106 MP: 13/13
 16981 | Lair:2   | Received a gift from Okawaru
 17636 | Lair:2   | Found a staircase to the Swamp.
 17799 | Lair:2   | Reached skill level 16 in Ranged Weapons
 18430 | Lair:3   | Reached skill level 1 in Invocations
 18610 | Lair:3   | Received a gift from Okawaru
 18998 | Lair:4   | Identified the amulet "Quloe" {Acrobat rElec rC+}
 19378 | Lair:4   | Found a staircase to the Slime Pits.
 19679 | Lair:4   | Noticed Urug
 19706 | Lair:4   | Slain by Urug

Illustrated notes

Levels and vault maps discovered:
D:1:      dpeg_arrival_ratfight, layout_basic, minmay_split_cup_large
D:2:      layout_basic
D:3:      layout_rooms, minitemple, portal_sewer_entry_a, serial_undead,
          serial_undead_a, serial_undead_f, serial_undead_d, serial_undead_f,
          serial_undead_f, serial_undead_e, ebering_ecumenical_altar_abandoned
D:4:      layout_gridville, minmay_misc_feat_secret_circle
D:5:      layout_basic, gammafunk_temple_overflow_claw, enter_ossuary_2
D:6:      layout_cave_pools, nicolae_overflow_crystal_walls,
          minmay_temple_entry_sparse_star, roadster_capsule_ark_zombie
D:7:      layout_basic, trog_hazing_becter, uniq_crazy_yiuf_cottage, uniq_pikel,
          uniq_jeremiah
D:8:      layout_loops_ring, minmay_pinched_square
D:9:      layout_roguey [special_room_bee], lair_entry_dummy, erik_orc_1,
          uniq_maurice
Temple:   hc_temple_tempest_star
Lair:1:   dragon1_lemuel, layout_chaotic_city, nicolae_quartered_pool_little,
          dreamdust_wasp_nest, uniq_gastronok, uniq_grum
Lair:2:   regret_index_combs_of_tragedy, layout_regular_city,
          minmay_swamp_entry_swarm, nicolae_snake_entry_warm_welcome
Lair:3:   layout_gridlike, chequers_serial_rivers_small_a, lemuel_fruit_fields,
          infiniplex_staircase_pool_2, lemuel_fruit_fields
Lair:4:   beargit_carnivore_pack, layout_hall_layers,
          nicolae_slime_entry_slimehenge, kennysheep_rathole, uniq_urug
Orc:1:    layout_diamond_mine, basic_altar, lemuel_statue_altar, uniq_fannar

Skill      XL: |  1  2  3  4  5  6  7  8  9 10 11 12 13 |
---------------+----------------------------------------+-----
Ranged Weapons | 4 5 6 7 9 11 12 14 15 16 | 16.5
Armour         | 1 2 3 4 5 |  5.5
Dodging        | 2 3 4 5 |  5.8
Fighting       | 3 4 6 7 9 11 12 | 12.9
Stealth        | 1 |  1.7
Invocations    | 1 |  1.0

Action                     |  1- 3 |  4- 6 |  7- 9 | 10-12 | 13-15 || total
---------------------------+-------+-------+-------+-------+-------++-------
  Melee: Sling             |       |       |       |     8 |       ||     8
   Fire: Sling             |   162 |   244 |  1118 |  2400 |  1200 ||  5124
 Invoke: Heroism           |       |       |       |     5 |     3 ||     8
         Finesse           |       |       |       |     4 |     1 ||     5
    Use: Scroll            |       |       |    11 |    19 |     5 ||    35
         Potion            |       |       |     5 |    10 |     3 ||    18
 Armour: Leather armour    |    26 |    42 |     5 |       |       ||    73
         Ring mail         |       |       |   279 |   343 |       ||   622
         Acid dragon scale |       |       |       |   290 |   153 ||   443
         Skin              |       |       |       |       |     1 ||     1
  Dodge: Dodged            |    15 |    46 |   222 |   450 |   180 ||   913

Table legend: (Time is in decaauts)
 A = Elapsed time spent in this place.
 B = Non-inter-level travel time spent in this place.
 C = Inter-level travel time spent in this place.
 D = Time resting spent in this place.
 E = Time spent auto-exploring this place.
 F = Levels seen in this place.
 G = Mean time per level.
                   A        B        C        D        E       F      G
               +--------+--------+--------+--------+--------+-----+--------+
         Total |  19494 |  18533 |    961 |      0 |  13921 |  17 | 1146.7 |
       Dungeon |  11203 |  10481 |    722 |      0 |   7983 |   9 | 1244.8 |
        Temple |     27 |      3 |     24 |      0 |      0 |   1 |   27.0 |
          Lair |   7106 |   6891 |    215 |      0 |   5212 |   4 | 1776.5 |
  Orcish Mines |     48 |     48 |      0 |      0 |      0 |   1 |   48.0 |
         Sewer |    557 |    557 |      0 |      0 |    424 |   1 |  557.0 |
       Ossuary |    550 |    550 |      0 |      0 |    301 |   1 |  550.0 |
               +--------+--------+--------+--------+--------+-----+--------+

Top non-repeatable levels by time:
  Lair:1: 2958 daAuts
  Lair:2: 2541 daAuts
     D:8: 2115 daAuts
     D:7: 1835 daAuts
     D:9: 1806 daAuts
     D:5: 1267 daAuts
     D:4: 1123 daAuts
  Lair:3: 1050 daAuts
     D:2: 895 daAuts
     D:3: 830 daAuts
     D:6: 737 daAuts
     D:1: 590 daAuts
   Sewer: 557 daAuts
  Lair:4: 555 daAuts
 Ossuary: 550 daAuts
